 Dungeon Crawl Stone Soup version 0.21.0 (webtiles) character file.

610219 magipi the Sniper (level 26, -1/232 HPs)
             Began as a Deep Dwarf Hunter on Jan 7, 2018.
             Was the Champion of Makhleb.
             Killed from afar by an orb of fire (17 damage)
             ... with a fireball
             ... on level 5 of the Realm of Zot.
             The game lasted 04:52:13 (52384 turns).

magipi the Sniper (Deep Dwarf Hunter)              Turns: 52384, Time: 04:52:15

Health: -1/232     AC: 40    Str: 29    XL:     26   Next: 74%
Magic:  0/0        EV: 30    Int: 13    God:    Makhleb [******]
Gold:   2224       SH:  0    Dex: 17    Spells: 25/25 levels left

rFire    + + .     SeeInvis +   w - +0 executioner's axe (freeze)
rCold    + . .     Gourm    .   (shield currently unavailable)
rNeg     + + .     Faith    .   u - +27 Lear's hauberk
rPois    +         Spirit   .   (helmet currently unavailable)
rElec    .         Reflect  .   W - scarf {rC+ rF+}
rCorr    .         Harm     .   (gloves currently unavailable)
MR       +++..                  (boots currently unavailable)
Stlth    ..........             y - amulet of Gisyrgh {+Rage rPois Str+4 Dex-3 SInv}
HPRegen  0.00/turn              f - ring of Hiren {rF+ rN+ AC+2 Dex+4 Stlth+}
MPRegen  0.07/turn              v - ring of Phasing {EV+8}

@: mighty, non-regenerating
A: damage resistance, heal wounds, clumsy 2, deformed body, frail 1, low mp 1,
negative energy resistance 1, sense surroundings 3, screaming 1, no regeneration
}: 3/15 runes: serpentine, barnacled, silver
a: Heal Wounds, Minor Destruction, Lesser Servant of Makhleb, Major Destruction,
Greater Servant of Makhleb, Renounce Religion, Evoke Berserk Rage


You were on level 5 of the Realm of Zot.
You worshipped Makhleb.
Makhleb was exalted by your worship.
You were full.

You visited 9 branches of the dungeon, and saw 47 of its levels.
You visited 1 bazaar.

You collected 6896 gold pieces.
You spent 4672 gold pieces at shops.

Inventory:

Hand Weapons
 a - a +4 triple crossbow of freezing
   (You bought it in a shop on level 4 of the Vaults)
 b - a +5 broad axe of flaming
   (You took it off a hell knight on level 15 of the Dungeon)
 q - a +5 arbalest of flaming
   (You took it off Vashnia on level 4 of the Snake Pit)
 w - a +0 executioner's axe of freezing (weapon)
   (You acquired it on level 3 of the Vaults)
Missiles
 t - 1809 bolts
 I - 3 throwing nets (quivered)
Armour
 u - the +27 Lear's hauberk (worn)
   (You found it on level 6 of the Dungeon)
 W - a scarf of resistance (worn)
   (You acquired it on level 10 of the Dungeon)
Jewellery
 c - an uncursed ring of protection from cold
   (You found it on level 3 of the Dungeon)
 e - the amulet of the Air {Inacc +Fly rElec EV+5 RMsl}
   (You found it on level 8 of the Dungeon)

   [amulet of inaccuracy]

   It reduces the accuracy of all your attacks.
   It affects your evasion (+5).
   It insulates you from electricity.
   It lets you fly.
   It protects you from missiles.
 f - the ring of Hiren (left hand) {rF+ rN+ AC+2 Dex+4 Stlth+}
   (You bought it in a shop on level 5 of the Vaults)

   [ring of protection]

   It affects your AC (+2).
   It affects your dexterity (+4).
   It protects you from fire.
   It protects you from negative energy.
   It makes you more stealthy.
 o - an uncursed ring of resist corrosion
   (You took it off a tengu conjurer on level 4 of the Depths)
 v - the ring of Phasing (right hand) {EV+8}
   (You found it on level 3 of the Depths)

   [ring of evasion]

   It affects your evasion (+8).
 y - the amulet of Gisyrgh (around neck) {+Rage rPois Str+4 Dex-3 SInv}
   (You found it on level 8 of the Dungeon)

   [amulet of rage]

   It affects your strength (+4).
   It affects your dexterity (-3).
   It protects you from poison.
   It lets you see invisible.
   It lets you go berserk.
Wands
 d - a wand of digging (3)
   (You bought it in a shop on level 1 of the Snake Pit)
 C - a wand of scattershot (8)
   (You found it on level 1 of the Lair of Beasts)
 F - a wand of iceblast (7)
   (You found it on level 11 of the Dungeon)
 N - a wand of disintegration (61)
   (You found it on level 3 of the Lair of Beasts)
 P - a wand of polymorph (57)
   (You found it on level 13 of the Dungeon)
 R - a wand of paralysis (18)
   (You found it on level 5 of the Lair of Beasts)
 V - a wand of enslavement (42)
   (You found it on level 13 of the Dungeon)
 Y - a wand of acid (4)
   (You found it on level 1 of the Lair of Beasts)
Scrolls
 j - 15 scrolls of identify
 k - 5 scrolls of blinking
 p - 8 scrolls of immolation
 r - 21 scrolls of teleportation
 x - 5 scrolls of holy word
 A - 10 scrolls of fog
 B - 4 scrolls of magic mapping
 H - a scroll of silence
 L - 11 scrolls of enchant armour
 M - 31 scrolls of remove curse
 Q - 5 scrolls of fear
Potions
 i - 21 potions of curing
 n - 6 potions of agility
 s - a potion of resistance
 z - a potion of ambrosia
 D - 2 potions of magic
 E - 2 potions of haste
 G - 5 potions of cancellation
 J - 3 potions of invisibility
 K - 4 potions of mutation
 S - 4 potions of berserk rage
 T - 7 potions of lignification
 Z - 10 potions of flight
Miscellaneous
 g - a sack of spiders
 O - 3 boxes of beasts
 U - a lamp of fire
   (You found it on level 5 of the Vaults)
Comestibles
 h - 69 rations


   Skills:
 - Level 19.1 Fighting
 - Level 19.0(20.0) Axes
   Level 11.0(15.5) Maces & Flails
 + Level 25.2 Crossbows
 - Level 19.5 Armour
 - Level 19.5 Dodging
 - Level 1.2 Stealth
 - Level 16.0 Invocations
 + Level 14.8 Evocations


You had 25 spell levels left.
You didn't know any spells.

Dungeon Overview and Level Annotations

Branches:
Dungeon (15/15)            Temple (1/1) D:7            Lair (6/6) D:8
 Shoals (4/4) Lair:4        Snake (4/4) Lair:3        Slime (0/5) Lair:5
    Orc (2/2) D:9             Elf (0/3) Orc:2        Vaults (5/5) D:14
  Crypt (0/3) Vaults:3     Depths (5/5) D:15            Zot (5/5) Depths:5

Altars:
Ashenzari
Cheibriados
Dithmenos
Elyvilon
Fedhas
Gozag
Hepliaklqana
Kikubaaqudgha
Makhleb
Nemelex Xobeh
Okawaru
Qazlal
Ru
Sif Muna
Trog
Uskayaw
Vehumet
Wu Jian
Xom
Yredelemnul
Zin
The Shining One
Beogh

Shops:
D:11 ?=   D:15 *   Orc:2 ?(=   Snake:1 }}=   Snake:2 ?   Snake:3 !
Vaults:3 [*   Vaults:4 ([}   Vaults:5 *(   Depths:3 [   Depths:5 (

Portals:
Hell: Depths:1 Depths:2 Depths:3 Depths:4 Depths:5
Abyss: Depths:1 Depths:4
Pandemonium: Depths:2 Depths:3 Depths:5
Ziggurat: Depths:1
Trove: D:12 (give 12 scrolls of teleportation)

Annotations:
D:5 yiuf
Lair:4 exclusion: oklob plant
Lair:5 exclusion: oklob plant
Shoals:3 exclusion: Roxanne, Roxanne
Depths:1 exclusions: lich and 3 more exclusions
Zot:5 exclusion: obsidian statue


Innate Abilities, Weirdness & Mutations

You are resistant to damage.
You can heal yourself by infusing magical energy.
You resist negative energy. (rN+)
You passively map a large area around you.
You do not regenerate.
You are very clumsy. (Dex -4)
Armour fits poorly on your strangely shaped body.
You are frail. (-10% HP)
Your magical capacity is low. (-10% MP)
You occasionally shout uncontrollably at your foes.


Message History

Unknown command.
You miss the orb of fire.
The orb of fire is severely damaged.
The orb of fire glows red.
The fireball explodes!
The fireball engulfs you! You resist.
The fireball engulfs the orb of fire.
The orb of fire completely resists.
The orb of fire glows deep purple.
The fireball explodes!
The fireball engulfs the orb of fire.
The orb of fire completely resists.
The fireball engulfs the orb of fire.
The orb of fire completely resists.
The fireball engulfs the orb of fire.
The orb of fire completely resists.
The fireball engulfs you!
Unknown command.
Evoke which item? (* to show all) (? for menu, Esc to quit)
Aiming: Scattershot
Press: ? - help, Shift-Dir - straight line, f/p - orb of fire
Aim: an orb of fire (severely damaged)
The burst of metal fragments hits the orb of fire. x10
The orb of fire is severely damaged.
The orb of fire is lightly damaged.
The orb of fire emits a lurid red light.
The fireball explodes!
The fireball engulfs you! You resist.
The fireball engulfs the orb of fire.
The orb of fire completely resists.
Unknown command.
Unknown command.
Evoke which item? (* to show all) (? for menu, Esc to quit)
Aiming: Scattershot
Press: ? - help, Shift-Dir - straight line, f/p - orb of fire
Aim: an orb of fire (severely damaged)
The burst of metal fragments hits the orb of fire. x11
The orb of fire is severely damaged.
The orb of fire is lightly damaged.
The orb of fire glows red.
The bolt of fire misses the orb of fire.
The bolt of fire hits you! You resist.
The orb of fire glows yellow.
The bolt of fire hits you! You resist.
The orb of fire glows yellow.
The fireball explodes!
The fireball engulfs the orb of fire.
The orb of fire completely resists.
The fireball engulfs the orb of fire.
The orb of fire completely resists.
The fireball engulfs the orb of fire.
The orb of fire completely resists.
The fireball engulfs you! You resist.
* * * LOW HITPOINT WARNING * * *
The orb of fire glows bright magenta.
Strange energies course through your body.
You feel clumsy.
You hit the orb of fire.
The orb of fire is severely damaged.
The orb of fire glows red.
The fireball explodes!
The fireball engulfs the orb of fire.
The orb of fire completely resists.
The fireball engulfs the orb of fire.
The orb of fire completely resists.
The fireball engulfs the orb of fire.
The orb of fire completely resists.
The fireball engulfs you! You resist.
* * * LOW HITPOINT WARNING * * *
You feel much better.
The orb of fire glows bright magenta.
Strange energies course through your body.
You feel the urge to shout.
Unknown command.
Unknown command.
You feel much better.
The orb of fire emits a lurid red light.
The bolt of fire hits the orb of fire.
The orb of fire completely resists.
The bolt of fire hits you! You resist.
* * * LOW HITPOINT WARNING * * *
The orb of fire glows red.
The bolt of fire hits you! You resist.
* * * LOW HITPOINT WARNING * * *
Unknown command.
A demon appears!
The orb of fire emits a lurid red light.
The bolt of fire misses you.
The orb of fire glows bright magenta.
The bolt of fire misses you.
Unknown command.
A demon appears!
The orb of fire glows red.
The fireball explodes!
The fireball engulfs you! You resist.
* * * LOW HITPOINT WARNING * * *
The fireball engulfs the orb of fire.
The orb of fire completely resists.
The fireball engulfs your cacodemon.
You swap places.
The orb of fire glows yellow.
The bolt of fire hits your blizzard demon.
Your blizzard demon is burned terribly!
Your blizzard demon dies!
The bolt of fire hits your cacodemon.
Your cacodemon hits the orb of fire but does no damage. x2
Items here: ( )) [ a scimitar of holy wrath; a war axe; an embroidered cloak; 2 bolts Your cacodemon misses the orb of fire.
Your cacodemon hits the orb of fire.
Things that are here:
a rapier; a cloak The orb of fire glows deep purple.
The fireball explodes!
The fireball engulfs the orb of fire.
The orb of fire completely resists.
The fireball engulfs the orb of fire.
The orb of fire completely resists.
The fireball engulfs your cacodemon.
Your cacodemon dies!
The orb of fire glows bright magenta.
The fireball explodes!
The fireball engulfs you! You resist.
You die...

,,,,,,,,,,,,** ##.............#*
,,,,,,,,,,,,,** #.............#
,,,,,,,,,,,,,,* ##...(.......##
,,,,,.......,,* #.....^..^..#
,,,,,.^.....,,* ##...........##
,,,,,.......,,* #.............#
,,,,,...^...,,* ##.............##
,,,,,.......,,*##.....^.........#
,,,,,.......X###@..###########...
,,,,,.(.^..X##*)..## ##..
,,,,,.((..(*(*†.### ###
,,,**▓▓▓▓#▓▓▓▓▓▓# #
,,,,,,,,,,,,****
,,,,,,,,,,,,,,,*** **
,,,,,,,,,,,,,,,,,** **,
,,,,,,,,,,,,,,,,,,* ********* *,,
,,,,,,,,,,,,,,,,,,***,,,,,,,***,,


You could see 3 orbs of fire.

Vanquished Creatures
  An orb of fire (Zot:5)
  2 juggernauts
  5 ancient liches (Zot:5)
  A curse toe (Zot:3)
  A Killer Klown (Zot:5)
  19 golden dragons
  Nikola (Shoals:1)
  A bone dragon (Depths:5)
  6 electric golems
  Jorgrun (Vaults:1)
  23 tentacled monstrosities
  4 liches
  4 titans
  13 Orb Guardians (Zot:5)
  9 quicksilver dragons
  5 sphinxes
  8 death cobs
  Polyphemus (Shoals:4)
  Kirke (D:15)
  Donald (Vaults:3)
  9 tengu reavers
  14 storm dragons
  Ilsuiw (Shoals:4)
  11 fire giants
  9 shadow dragons
  7 draconian monks
  6 nagarajas (Snake:4)
  4 draconian knights
  11 frost giants
  8 vault wardens
  8 draconian scorchers
  3 deep elf sorcerers
  4 iron dragons
  5 ghost moths
  4 draconian shifters
  4 draconian stormcallers
  6 ironheart preservers
  4 draconian annihilators
  3 war gargoyles
  4 spriggan defenders
  2 vampire knights (Depths:4)
  28 stone giants
  Nessos (Lair:6)
  4 entropy weavers
  33 very ugly things
  17 black draconians
  11 purple draconians
  A dire elephant (Lair:6)
  11 red draconians
  6 green draconians
  14 white draconians
  A deep elf demonologist (Vaults:2)
  2 spark wasps
  3 deep elf annihilators
  8 yellow draconians
  A green death (Depths:2)
  2 deep elf death magi
  8 merfolk javelineers
  10 merfolk impalers
  2 crystal guardians
  14 ettins
  12 fire dragons
  2 deep elf high priests
  A jiangshi (Vaults:3)
  Josephine (Lair:4)
  28 yaktaur captains
  2 hell beasts
  12 naga warriors
  2 rakshasas
  5 hydras
  11 great orbs of eyes
  3 spriggan air magi
  30 vault guards
  A catoblepas (Shoals:3)
  3 anacondas (shapeshifter)
  5 centaur warriors
  11 ice dragons
  10 anacondas
  6 merfolk aquamancers
  51 two-headed ogres
  A dancing weapon (D:14)
  2 death knights
  2 merfolk avatars
  Erica (D:8)
  2 alligator snapping turtles (Shoals:4)
  4 vampire magi
  A satyr (Shoals:3)
  13 ogre magi
  8 deep troll shamans
  7 deep troll earth magi
  8 spriggan berserkers
  2 tengu warriors
  8 death yaks
  12 naga sharpshooters
  7 shock serpents
  A storm dragon zombie (Depths:2)
  9 hell knights
  3 deep elf knights (Vaults:2)
  3 soul eaters
  6 iron trolls
  3 shadow wraiths
  4 skeletal warriors (Vaults:2)
  A spark wasp zombie (Depths:2)
  3 glowing orange brains
  15 sea snakes
  20 deep trolls
  3 flayed ghosts
  A tengu zombie (Vaults:5)
  4 unseen horrors
  4 wizards
  3 phantasmal warriors
  4 naga ritualists (Snake:3)
  8 mana vipers
  9 ironbrand convokers
  14 orc knights
  11 harpies
  5 necromancers
  2 orc sorcerers (Orc:1)
  3 deep elf archers
  An iron dragon zombie (Depths:2)
  4 deep elf magi
  A frost giant zombie (Depths:2)
  5 fauns
  A manticore (shapeshifter) (Vaults:4)
  47 ugly things
  6 cyclopes
  A wolf spider (Vaults:3)
  9 manticores
  5 salamanders
  3 elephants (Lair:6)
  2 cyclopes (shapeshifter)
  A moth of wrath (shapeshifter) (Depths:1)
  22 moths of wrath
  27 black mambas
  Joseph (D:7)
  9 guardian serpents
  10 water nymphs
  7 merfolk sirens
  A torpor snail (Lair:6)
  20 naga magi
  A rust devil (Depths:1)
  A frost giant skeleton (Vaults:5)
  10 vault sentinels
  An orange demon (Depths:2)
  A yaktaur (shapeshifter) (Vaults:4)
  A spiny frog (shapeshifter) (Vaults:1)
  10 spiny frogs
  2 rime drakes (Lair:6)
  5 spectral swamp worms
  A human zombie (Vaults:5)
  2 kobold demonologists (D:15)
  7 freezing wraiths
  8 komodo dragons
  58 yaktaurs
  A hellwing (Depths:3)
  A human skeleton (Vaults:2)
  5 trolls
  A meliai (shapeshifter) (Vaults:5)
  A red devil (Depths:3)
  4 tengu conjurers
  A jumping spider (shapeshifter) (Vaults:2)
  5 wind drakes
  A jumping spider (Vaults:3)
  A hornet (shapeshifter) (Vaults:2)
  31 merfolk
  8 snapping turtles
  8 hornets
  6 polar bears (Lair:6)
  2 spriggan zombies (Depths:1)
  A meliai zombie (D:15)
  13 blink frogs
  A raiju (Lair:6)
  35 slime creatures
  An ice dragon zombie (Depths:1)
  3 dream sheep
  A frost giant simulacrum (Depths:1)
  10 hippogriffs
  A blink frog (shapeshifter) (Vaults:2)
  A tarantella (shapeshifter) (Vaults:1)
  4 spriggans
  A vampire (D:15)
  20 water elementals
  4 wyverns
  A spriggan (shapeshifter) (Vaults:4)
  6 redbacks
  A ynoxinul (Depths:3)
  8 wraiths
  A wyvern (shapeshifter) (Depths:4)
  The ghost of Ratty the Shooter, an amateur CeHu of Okawaru (D:3)
  A hog (shapeshifter) (Vaults:3)
  A shadow (D:15)
  21 yaks
  A basilisk (shapeshifter) (Depths:1)
  3 hogs (D:15)
  2 humans (shapeshifter)
  A chaos spawn (Depths:3)
  3 steam dragons (Lair:6)
  A neqoxec (Depths:2)
  6 basilisks
  A yaktaur simulacrum (Vaults:3)
  7 wargs
  64 nagas
  4 acid dragons
  Duvessa (D:6)
  14 hell hounds
  2 soldier ants (shapeshifter)
  3 floating eyes
  17 water moccasins
  A soldier ant (D:12)
  A swamp drake (Lair:6)
  9 porcupines
  2 ice beasts
  5 sky beasts
  11 black bears
  2 phantoms
  24 orc warriors
  3 elf simulacra
  47 ogres
  2 necrophages (D:10)
  17 wolves (Lair:6)
  13 boggarts
  13 centaurs
  13 crocodiles
  7 big kobolds
  21 bullfrogs
  3 scorpions
  Dowan (D:7)
  A human simulacrum (Vaults:2)
  22 killer bees
  6 electric eels
  6 wights
  A howler monkey (D:9)
  4 crimson imps
  3 centaur zombies
  3 jellies (D:9)
  3 centaur skeletons
  9 orc priests
  Crazy Yiuf (D:5)
  A gnoll shaman (D:6)
  10 hounds
  23 orc wizards
  A bullfrog skeleton (D:13)
  3 iguanas
  7 worker ants
  A lightning spire (Zot:2)
  A hound skeleton (D:4)
  A worker ant zombie (D:6)
  4 adders
  14 gnolls
  3 shadow imps
  6 oozes
  An adder skeleton (D:4)
  3 worms
  A dart slug (D:4)
  4 leopard geckos
  66 orcs
  3 bats (D:2)
  6 giant cockroaches
  5 hobgoblins
  12 jackals
  23 kobolds
  8 quokkas
  A ball python (D:1)
  6 frilled lizards
  4 goblins
  A quokka zombie (D:6)
  10 rats
  4 fungi (D:5)
1945 creatures vanquished.

Vanquished Creatures (collateral kills)
  A juggernaut (Depths:2)
  Sojobo (Vaults:3)
  Bai Suzhen (Shoals:3)
  Vashnia (Snake:4)
  Saint Roka (Vaults:5)
  A caustic shrike (Depths:2)
  A golden dragon (Vaults:5)
  2 tentacled monstrosities
  Asterion (Vaults:3)
  2 tengu reavers (Vaults:3)
  2 frost giants
  A nagaraja (Snake:4)
  A vault warden (Vaults:3)
  An ironheart preserver (Vaults:3)
  3 very ugly things
  A merfolk impaler (Shoals:3)
  2 ogre magi (Orc:2)
  2 vault guards (Vaults:3)
  2 fire dragons
  A hydra (Lair:6)
  3 two-headed ogres
  A dancing weapon (D:14)
  A satyr (shapeshifter) (Depths:2)
  4 sea snakes
  An unseen horror (D:12)
  A swamp dragon (Lair:6)
  3 wizards (Vaults:3)
  An orc knight (Vaults:3)
  An orc sorcerer (Orc:2)
  6 ugly things
  A faun (Shoals:3)
  A vault sentinel (Vaults:3)
  4 yaktaurs
  A rime drake (Lair:6)
  A komodo dragon (D:14)
  2 merfolk (Shoals:3)
  3 polar bears (Lair:6)
  A raiju (Lair:6)
  A slime creature (D:13)
  A snapping turtle (Shoals:3)
  A human simulacrum (Vaults:2)
  A hungry ghost (D:12)
  2 wargs (Vaults:3)
  2 hell hounds (Lair:6)
  2 black bears (Lair:6)
  10 ogres
  2 wolves (Lair:6)
  A bullfrog (D:14)
  5 orc wizards
  A shadow imp (D:13)
  10 orcs
  5 kobolds (D:12)
108 creatures vanquished.

Vanquished Creatures (others)
  Aizul (Shoals:1)
  A merfolk aquamancer (Shoals:3)
  A deep troll (Depths:1)
  A merfolk siren (Shoals:1)
  A water nymph (Shoals:4)
  A yaktaur (D:15)
  A snapping turtle (Shoals:1)
  A human (D:15)
  An orc warrior (Vaults:5)
  An ogre (Vaults:2)
  An orc priest (Vaults:5)
  A shadow imp (D:15)
  An orc (D:15)
  A kobold (D:12)
  12 fungi
  34 plants
  12 tentacles
72 creatures vanquished.

Grand Total: 2125 creatures vanquished

Notes
Turn   | Place    | Note
-------+----------+-------------------------------------------
     0 | D:1      | magipi the Deep Dwarf Hunter began the quest for the Orb.
     0 | D:1      | Reached XP level 1. HP: 19/19 MP: 1/1
   212 | D:1      | Reached XP level 2. HP: 24/26 MP: 2/2
   598 | D:2      | Reached skill level 5 in Crossbows
   633 | D:2      | Reached XP level 3. HP: 27/33 MP: 3/3
   677 | D:2      | Found a sacrificial altar of Ru.
  1040 | D:3      | Noticed Ratty's ghost (amateur CeHu)
  1330 | D:3      | Killed Ratty's ghost
  1330 | D:3      | Reached skill level 6 in Crossbows
  1330 | D:3      | Reached XP level 4. HP: 42/44 MP: 4/4
  1330 | D:3      | Reached XP level 5. HP: 47/50 MP: 5/5
  1952 | D:3      | Reached XP level 6. HP: 48/57 MP: 6/6
  1972 | D:3      | Reached skill level 1 in Maces & Flails
  2064 | D:4      | Reached skill level 7 in Crossbows
  2156 | D:4      | Reached XP level 7. HP: 61/63 MP: 7/7
  2359 | D:4      | Reached skill level 8 in Crossbows
  2824 | D:4      | Reached XP level 8. HP: 45/72 MP: 7/7
  2906 | D:4      | Reached skill level 5 in Maces & Flails
  3041 | D:5      | Entered Level 5 of the Dungeon
  3468 | D:5      | Found a shattered altar of Ashenzari.
  3556 | D:5      | Found a hide-covered altar of Uskayaw.
  3692 | D:5      | Found a hazy altar of Hepliaklqana.
  4067 | D:6      | Reached skill level 9 in Crossbows
  4484 | D:6      | Found a shimmering altar of Xom.
  4486 | D:6      | Found a blossoming altar of Fedhas.
  4486 | D:6      | Found a glowing golden altar of the Shining One.
  4630 | D:6      | Found the +27 Lear's hauberk
  4936 | D:6      | Reached skill level 10 in Crossbows
  5196 | D:6      | Reached skill level 1 in Armour
  5237 | D:7      | Gained mutation: You passively map the area around you. [Deep Dwarf growth]
  5237 | D:7      | Reached XP level 9. HP: 49/78 MP: 6/6
  5651 | D:7      | Found a staircase to the Ecumenical Temple.
  5660 | Temple   | Entered the Ecumenical Temple
  5673 | Temple   | Became a worshipper of Makhleb the Destroyer
  6008 | D:7      | Noticed Duvessa
  6014 | D:7      | Noticed Joseph
  6018 | D:7      | Noticed Dowan
  6031 | D:7      | Killed Dowan
  6055 | D:6      | Killed Duvessa
  6085 | D:7      | Killed Joseph
  6525 | D:8      | Reached skill level 5 in Armour
  6616 | D:8      | Got a sparkling diamond amulet
  6633 | D:8      | Identified the amulet of Gisyrgh {+Rage rPois Str+4 Dex-3 SInv} (You found it on level 8 of the Dungeon)
  6648 | D:8      | Found a staircase to the Lair.
  6923 | D:8      | Noticed Erica
  6944 | D:8      | Killed Erica
  6944 | D:8      | Reached XP level 10. HP: 85/85 MP: 7/7
  7000 | D:8      | Found the amulet of the Air {Inacc +Fly rElec EV+5 RMsl}
  7152 | D:8      | Noticed a two-headed ogre
  7508 | D:8      | Killed a two-headed ogre
  7508 | D:8      | Reached skill level 10 in Maces & Flails
  7576 | D:9      | Noticed a two-headed ogre
  7607 | D:9      | Killed a two-headed ogre
  7685 | D:9      | Found a staircase to the Orcish Mines.
  7792 | D:9      | Reached * piety under Makhleb
  8407 | D:10     | Entered Level 10 of the Dungeon
  8408 | D:10     | Identified a scroll of acquirement
  8465 | D:10     | Reached ** piety under Makhleb
  8538 | D:10     | Reached skill level 5 in Fighting
  8616 | D:10     | Reached XP level 11. HP: 96/96 MP: 7/7
  9086 | D:10     | Noticed a two-headed ogre
  9103 | D:10     | Killed a two-headed ogre
  9226 | D:11     | Noticed an unseen horror
  9243 | D:11     | Killed an unseen horror
  9530 | D:11     | Found Ycsyuh's Jewellery Shoppe.
  9839 | D:11     | Noticed a red ugly thing
  9857 | D:11     | Killed a red ugly thing
  9857 | D:11     | Reached skill level 1 in Invocations
  9857 | D:11     | Reached skill level 1 in Evocations
  9878 | D:11     | Noticed a seven-headed hydra
  9917 | D:11     | Killed a seven-headed hydra
 10058 | D:11     | Reached *** piety under Makhleb
 10232 | D:11     | Found Nuikau's Magic Scroll Boutique.
 10296 | D:11     | Bought a scroll of random uselessness for 15 gold pieces
 10296 | D:11     | Bought a scroll of identify for 30 gold pieces
 10413 | Lair:1   | Entered Level 1 of the Lair of Beasts
 10525 | Lair:1   | Noticed a five-headed hydra
 10538 | Lair:1   | Killed a five-headed hydra
 10538 | Lair:1   | Reached skill level 5 in Invocations
 10538 | Lair:1   | Reached skill level 5 in Evocations
 11075 | Lair:2   | Reached XP level 12. HP: 97/112 MP: 12/12
 11204 | Lair:2   | Noticed a five-headed hydra
 11238 | Lair:2   | Killed a five-headed hydra
 11906 | Lair:3   | Reached **** piety under Makhleb
 12176 | Lair:3   | Found a staircase to the Snake Pit.
 12906 | Lair:4   | Noticed a four-headed hydra
 12918 | Lair:4   | Killed a four-headed hydra
 13258 | Lair:4   | Found a staircase to the Shoals.
 13523 | Lair:4   | Reached skill level 10 in Fighting
 13538 | Lair:5   | Noticed Josephine
 13556 | Lair:4   | Killed Josephine
 14122 | Lair:5   | Found a staircase to the Slime Pits.
 14205 | Lair:5   | Reached XP level 13. HP: 124/124 MP: 16/16
 14258 | Lair:6   | Entered Level 6 of the Lair of Beasts
 14285 | Lair:6   | Reached skill level 10 in Evocations
 14304 | Lair:6   | Reached skill level 10 in Invocations
 14499 | Lair:6   | Reached ***** piety under Makhleb
 14674 | Lair:6   | Noticed Nessos
 15043 | Lair:6   | Reached skill level 10 in Armour
 15082 | Lair:6   | Reached skill level 5 in Dodging
 15132 | Lair:6   | Found a shattered altar of Ashenzari.
 15230 | Lair:6   | Killed Nessos
 15590 | Lair:6   | Noticed a dire elephant
 15634 | Lair:6   | Killed a dire elephant
 15760 | Lair:6   | Gained mutation: You resist negative energy. (rN+) [Deep Dwarf growth]
 15760 | Lair:6   | Reached XP level 14. HP: 132/135 MP: 18/18
 16474 | Orc:1    | Entered Level 1 of the Orcish Mines
 16577 | Orc:1    | Found a roughly hewn altar of Beogh.
 16870 | Orc:1    | Found a roughly hewn altar of Beogh.
 17095 | Orc:2    | Entered Level 2 of the Orcish Mines
 17290 | Orc:2    | Reached skill level 10 in Dodging
 17326 | Orc:2    | Found a staircase to the Elven Halls.
 17329 | Orc:2    | Found a burning altar of Makhleb.
 17585 | Orc:2    | Found Omeosop's Magic Scroll Emporium.
 17585 | Orc:2    | Found Nuicozu's Jewellery Shop.
 17586 | Orc:2    | Found Asuinoah's Gadget Boutique.
 17586 | Orc:2    | Found Ucyrch's Antique Weapon Emporium.
 17687 | Orc:2    | Bought a scroll of teleportation for 33 gold pieces
 17687 | Orc:2    | Bought a scroll of teleportation for 33 gold pieces
 17687 | Orc:2    | Bought a scroll of magic mapping for 38 gold pieces
 17688 | Orc:2    | Bought an uncursed ring of protection from magic for 325 gold pieces
 18153 | D:11     | Bought a scroll of holy word for 112 gold pieces
 18261 | D:12     | Reached skill level 15 in Invocations
 18753 | D:12     | Found a portal to a secret trove of treasure.
 19078 | D:13     | Reached skill level 1 in Axes
 19802 | D:14     | Reached XP level 15. HP: 142/142 MP: 23/23
 20016 | D:14     | Found a gate to the Vaults.
 20066 | D:14     | Reached skill level 5 in Axes
 20428 | D:15     | Entered Level 15 of the Dungeon
 20979 | D:15     | Noticed Kirke
 20988 | D:15     | Killed Kirke
 21066 | D:15     | Found Seibos's Demolitions Depot.
 21232 | D:15     | Found a staircase to the Depths.
 22072 | Snake:1  | Entered Level 1 of the Snake Pit
 22113 | Snake:1  | Found Motrusat's Food Emporium.
 22155 | Snake:1  | Reached skill level 10 in Axes
 22163 | Snake:1  | Found Mihixt's Gadget Emporium.
 22167 | Snake:1  | Found Jifed's Jewellery Boutique.
 22168 | Snake:1  | Found Luko's Gadget Emporium.
 22244 | Snake:1  | Bought a wand of digging (7) for 264 gold pieces
 22385 | Snake:1  | Found the +3 salamander hide armour {+Rage rF++}
 22747 | Snake:2  | Found Pegy's Magic Scroll Emporium.
 23832 | Snake:3  | Reached XP level 16. HP: 111/150 MP: 21/21
 23896 | Snake:3  | Reached ****** piety under Makhleb
 24444 | Snake:3  | Found Japutof's Distillery.
 24455 | Snake:3  | Bought a potion of curing for 48 gold pieces
 24455 | Snake:3  | Bought a potion of heal wounds for 80 gold pieces
 24455 | Snake:3  | Bought a potion of heal wounds for 80 gold pieces
 24455 | Snake:3  | Bought a potion of curing for 48 gold pieces
 24455 | Snake:3  | Bought a potion of curing for 48 gold pieces
 24837 | Snake:4  | Entered Level 4 of the Snake Pit
 24988 | Snake:4  | Reached skill level 15 in Axes
 25087 | Snake:4  | Noticed Vashnia
 25135 | Snake:4  | Killed Vashnia
 25311 | Snake:4  | Found Tenolex's Jewellery Emporium.
 25551 | Snake:4  | Reached skill level 11 in Crossbows
 25765 | Snake:4  | Reached XP level 17. HP: 85/157 MP: 19/19
 25859 | Snake:4  | Reached skill level 12 in Crossbows
 25957 | Snake:4  | Got a serpentine rune of Zot
 26140 | Snake:4  | Found a stormy altar of Qazlal.
 26577 | Shoals:1 | Entered Level 1 of the Shoals
 26949 | Shoals:1 | Reached skill level 13 in Crossbows
 27040 | Shoals:1 | Found the +3 robe of Clouds {+Fly rElec}
 27155 | Shoals:1 | Noticed Nikola
 27162 | Shoals:1 | Noticed Aizul
 27171 | Shoals:1 | Killed Aizul
 27173 | Shoals:1 | Killed Nikola
 27550 | Shoals:2 | Reached skill level 14 in Crossbows
 28035 | Shoals:3 | Noticed Bai Suzhen
 28050 | Shoals:3 | Killed Bai Suzhen
 28091 | Shoals:3 | Noticed a kraken
 28268 | Shoals:3 | Noticed Roxanne
 28424 | Shoals:4 | Entered Level 4 of the Shoals
 28606 | Shoals:4 | Noticed Polyphemus
 28616 | Shoals:3 | Reached skill level 15 in Crossbows
 28628 | Shoals:4 | Killed Polyphemus
 28647 | Shoals:4 | Gained mutation: You passively map a large area around you. [Deep Dwarf growth]
 28647 | Shoals:4 | Reached XP level 18. HP: 130/165 MP: 15/15
 28994 | Shoals:4 | Noticed Ilsuiw
 29055 | Shoals:4 | Killed Ilsuiw
 29372 | Shoals:4 | Got a barnacled rune of Zot
 29818 | Vaults:1 | Entered Level 1 of the Vaults
 30063 | Vaults:1 | Found a flickering gateway to a bazaar.
 30077 | Bazaar   | Entered a bazaar
 30083 | Bazaar   | Found Reahuer's Book Shoppe.
 30083 | Bazaar   | Found Tiurihum's Armour Shoppe.
 30116 | Bazaar   | Found Naoheso's Weapon Emporium.
 30116 | Bazaar   | Found Raruts's Book Emporium.
 30603 | Vaults:1 | Reached skill level 16 in Crossbows
 30634 | Vaults:1 | Noticed Jorgrun
 30657 | Vaults:1 | Killed Jorgrun
 31422 | Vaults:2 | Reached XP level 19. HP: 172/172 MP: 14/14
 31854 | Vaults:2 | Identified the cursed +0 ring mail "Tohedar" {MR+ Regen+ Str+4 Slay+2} (You found it on level 2 of the Vaults)
 31938 | Vaults:2 | Reached skill level 17 in Crossbows
 32469 | Vaults:2 | Reached skill level 18 in Crossbows
 32648 | Vaults:2 | Found an opulent altar of Gozag.
 32980 | Vaults:3 | Found Woem's Armour Shop.
 33023 | Vaults:3 | Noticed Asterion
 33032 | Vaults:3 | Killed Asterion
 33158 | Vaults:3 | Found a staircase to the Crypt.
 33421 | Vaults:3 | Found Xammist's Assorted Antiques.
 33445 | Vaults:3 | Bought a gilded ring for 185 gold pieces
 33447 | Vaults:3 | Noticed Donald
 33469 | Vaults:3 | Killed Donald
 33529 | Vaults:3 | Noticed Sojobo
 33564 | Vaults:3 | Killed Sojobo
 33907 | Vaults:3 | Reached XP level 20. HP: 187/187 MP: 13/13
 35154 | Vaults:4 | Identified the +0 ring mail "Aqe Voicia" {+Blink MP+9 Int-4} (You found it on level 4 of the Vaults)
 35274 | Vaults:4 | Found Kiqog's Gadget Emporium.
 35274 | Vaults:4 | Found Vymm's Armour Emporium.
 35283 | Vaults:4 | Found Wuthreurgh's Antique Weapon Emporium.
 35765 | Depths:1 | Entered Level 1 of the Depths
 35794 | D:15     | Reached skill level 15 in Fighting
 36140 | Depths:1 | Found a gateway to Hell.
 36189 | Depths:1 | Found a one-way gate to the infinite horrors of the Abyss.
 36481 | Depths:1 | Found a gateway to a ziggurat.
 36674 | Depths:1 | HP: 7/199 [cyan very ugly thing[a glowing orange brain] (17)]
 37505 | Depths:2 | Reached XP level 21. HP: 207/207 MP: 11/11
 37559 | Depths:2 | Noticed a juggernaut
 37565 | Depths:2 | Killed a juggernaut
 37832 | Depths:2 | Found a one-way gate leading to the halls of Pandemonium.
 37909 | Depths:2 | Paralysed by a floating eye for 3 turns
 38118 | Depths:3 | Noticed a caustic shrike
 38139 | Depths:2 | Killed a caustic shrike
 38416 | Depths:2 | Reached skill level 15 in Dodging
 38418 | Depths:2 | Reached skill level 15 in Armour
 38605 | Depths:3 | Noticed a golden dragon
 38655 | Depths:3 | Noticed a juggernaut
 38751 | Depths:3 | Killed a golden dragon
 38784 | Depths:3 | Noticed a golden dragon
 38791 | Depths:3 | Killed a golden dragon
 38971 | Depths:3 | Killed a juggernaut
 39049 | Depths:3 | Found Ineitekk's Antique Armour Emporium.
 39056 | Depths:3 | Reached XP level 22. HP: 219/219 MP: 8/8
 39364 | Depths:3 | Found the ring of Phasing {EV+8}
 39960 | Depths:4 | Found a white marble altar of Elyvilon.
 39961 | Depths:4 | Found a radiant altar of Vehumet.
 39961 | Depths:4 | Found a sparkling altar of Nemelex Xobeh.
 40004 | Depths:4 | Noticed a golden dragon
 40024 | Depths:4 | Killed a golden dragon
 40412 | Depths:4 | Noticed a golden dragon
 40429 | Depths:4 | Killed a golden dragon
 40575 | Depths:4 | Got a translucent iron ring
 40736 | Depths:4 | Noticed a juggernaut
 40774 | Depths:4 | Killed a juggernaut
 40854 | Depths:4 | Identified the cursed ring "Ziygg" {MP+9 AC-3 Str+4} (You took it off a tengu warrior on level 4 of the Depths)
 41289 | Depths:5 | Entered Level 5 of the Depths
 41362 | Depths:5 | Found Najinn's Antique Weapon Emporium.
 41635 | Depths:5 | Reached XP level 23. HP: 206/230 MP: 9/9
 42330 | Depths:5 | Found a gate to the Realm of Zot.
 42852 | D:5      | Found a runed door.
 42856 | D:5      | Noticed Crazy Yiuf
 42858 | D:5      | Killed Crazy Yiuf
 42869 | D:5      | Identified the +11 mace of Exosty {pain, +Rage rPois rN+ Str+4} (You found it on level 5 of the Dungeon)
 43497 | Vaults:5 | Entered Level 5 of the Vaults
 43876 | Vaults:5 | Reached XP level 24. HP: 139/241 MP: 9/9
 44199 | Vaults:5 | Noticed Saint Roka
 44227 | Vaults:5 | Killed Saint Roka
 44304 | Vaults:5 | Found Requbilo's Antique Weapon Shoppe.
 44312 | Vaults:5 | Bought a bone arbalest for 351 gold pieces
 44319 | Vaults:5 | Got a silver rune of Zot
 44323 | Vaults:5 | Identified the +7 arbalest "Ruoqurhue" {speed, rF- rC++ SInv} (You bought it in a shop on level 5 of the Vaults)
 44746 | Vaults:5 | Found Jaimyg's General Store.
 44893 | Vaults:5 | Identified the +3 chain mail of Context {rC- Int+9} (You found it on level 5 of the Vaults)
 45570 | Vaults:3 | Bought a scroll of acquirement for 1924 gold pieces
 45941 | Zot:1    | Entered Level 1 of the Realm of Zot
 47432 | Vaults:4 | Bought a glowing triple crossbow for 507 gold pieces
 47487 | Vaults:5 | Bought the ring of Hiren {rF+ rN+ AC+2 Dex+4 Stlth+} for 551 gold pieces
 48279 | Zot:2    | Reached XP level 25. HP: 248/248 MP: 9/9
 48358 | Zot:2    | Reached skill level 19 in Crossbows
 49179 | Zot:3    | Reached skill level 20 in Crossbows
 49555 | Zot:3    | Reached skill level 21 in Crossbows
 50404 | Zot:4    | Reached skill level 22 in Crossbows
 51007 | Zot:4    | Reached XP level 26. HP: 258/258 MP: 9/9
 51435 | Zot:5    | Entered Level 5 of the Realm of Zot
 51510 | Zot:5    | Reached skill level 23 in Crossbows
 51547 | Zot:5    | Noticed an ancient lich
 51556 | Zot:5    | Killed an ancient lich
 51683 | Zot:5    | Noticed an ancient lich
 51688 | Zot:5    | Killed an ancient lich
 51693 | Zot:5    | Noticed an ancient lich
 51700 | Zot:5    | Killed an ancient lich
 51773 | Zot:5    | Noticed an ancient lich
 51800 | Zot:5    | Killed an ancient lich
 51805 | Zot:5    | Reached skill level 24 in Crossbows
 52109 | Zot:5    | Noticed an ancient lich
 52121 | Zot:5    | Killed an ancient lich
 52172 | Zot:5    | Noticed an orb of fire
 52194 | Zot:5    | Killed an orb of fire
 52216 | Zot:5    | Reached skill level 25 in Crossbows
 52342 | Zot:5    | Noticed an orb of fire
 52342 | Zot:5    | Gained mutation: Your magical capacity is low. (-10% MP) [an orb of fire]
 52354 | Zot:5    | Gained mutation: Armour fits poorly on your strangely shaped body. [an orb of fire]
 52359 | Zot:5    | Gained mutation: You are clumsy. (Dex -2) [an orb of fire]
 52360 | Zot:5    | Noticed an orb of fire
 52365 | Zot:5    | Gained mutation: You are frail. (-10% HP) [an orb of fire]
 52368 | Zot:5    | Noticed an orb of fire
 52376 | Zot:5    | Gained mutation: You are very clumsy. (Dex -4) [an orb of fire]
 52378 | Zot:5    | Gained mutation: You occasionally shout uncontrollably at your foes. [an orb of fire]
 52384 | Zot:5    | Killed from afar by an orb of fire

Skill      XL: |  1  2  3  4  5  6  7  8  9 10 11 12 13 14 15 16 17 18 19 20 21 22 23 24 25 26 |
---------------+-------------------------------------------------------------------------------+-----
Fighting       | 2 3 5 8 10 11 13 16 17 18 19 | 19.1
Crossbows      | 5 6 7 8 10 11 15 16 18 22 25 | 25.2
Maces & Flails | 2 4 7 9 11 | 11.0
Armour         | 2 7 9 10 11 13 14 15 17 18 19 | 19.5
Invocations    | 5 9 10 16 | 16.0
Evocations     | 5 9 10 12 14 | 14.8
Dodging        | 8 10 11 13 14 15 17 18 19 | 19.5
Axes           | 3 12 16 19 | 19.0
Stealth        | |  1.2

Action                   |  1- 3 |  4- 6 |  7- 9 | 10-12 | 13-15 | 16-18 | 19-21 | 22-24 | 25-27 || total
-------------------------+-------+-------+-------+-------+-------+-------+-------+-------+-------++-------
Melee: Whip              |    39 |    74 |   454 |  1147 |  1839 |       |       |       |       ||  3553
       Broad axe         |       |       |       |       |   163 |  1300 |  1171 |   935 |   494 ||  4063
       Battleaxe         |       |       |       |       |    43 |       |       |       |       ||    43
       Executioner's axe |       |       |       |       |       |       |       |       |     8 ||     8
 Fire: Hand crossbow     |    69 |    33 |    54 |     4 |   119 |       |       |       |       ||   279
       Arbalest          |       |       |       |       |   198 |   569 |   711 |   685 |   368 ||  2531
       Triple crossbow   |       |       |       |       |       |       |       |    33 |   113 ||   146
Throw: Throwing net      |       |       |     5 |       |       |       |       |       |     3 ||     8
Invok: Lesser Servant of |       |       |       |       |    39 |     2 |       |       |       ||    41
       Greater Servant o |       |       |       |       |     1 |     4 |    12 |     2 |     2 ||    21
 Abil: Heal Wounds       |     1 |     2 |     9 |     7 |     5 |    39 |    31 |     6 |     9 ||   109
Evoke: Wand              |       |       |       |     2 |    20 |    32 |     7 |     6 |     4 ||    71
       Phantom mirror    |       |       |       |       |       |       |     1 |       |       ||     1
       Box of beasts     |       |       |       |       |       |       |       |     2 |       ||     2
       Lamp of fire      |       |       |       |       |       |       |       |     1 |     1 ||     2
  Use: Scroll            |       |       |    18 |     9 |    16 |     2 |     8 |    16 |     3 ||    72
       Potion            |       |       |       |     1 |     1 |     8 |     2 |     3 |     5 ||    20
 Stab: Paralysed         |       |       |       |       |     7 |     3 |       |       |       ||    10
       Distracted        |       |       |       |       |     7 |     2 |     2 |     1 |       ||    12
       Held in net/web   |       |       |       |       |       |       |       |       |     4 ||     4
  Eat: Chunk             |     1 |     3 |     9 |    23 |    30 |    11 |    11 |    14 |     4 ||   106
       Ration            |       |       |     2 |       |     1 |     5 |     4 |     5 |     4 ||    21
Armor: Ring mail         |    19 |    37 |    19 |       |       |       |       |       |       ||    75
       Leather armour    |     1 |       |       |       |       |       |       |       |       ||     1
       Plate armour      |       |       |   188 |       |       |       |       |       |       ||   188
       Chain mail        |       |       |   128 |   630 |  1256 |  1031 |   887 |   747 |   398 ||  5077
Dodge: Dodged            |    45 |    48 |   151 |   332 |   946 |  1016 |  1110 |  1440 |  1016 ||  6104
       Deflected         |       |       |       |       |       |       |       |     1 |     2 ||     3

Action                   |  1- 3 |  4- 6 |  7- 9 | 10-12 | 13-15 | 16-18 | 19-21 | 22-24 | 25-27 || total
-------------------------+-------+-------+-------+-------+-------+-------+-------+-------+-------++-------
Melee: Whip              |    39 |    74 |   454 |  1147 |  1839 |       |       |       |       ||  3553
       Broad axe         |       |       |       |       |   163 |  1300 |  1171 |   935 |   494 ||  4063
       Battleaxe         |       |       |       |       |    43 |       |       |       |       ||    43
       Executioner's axe |       |       |       |       |       |       |       |       |     8 ||     8
 Fire: Hand crossbow     |    69 |    33 |    54 |     4 |   119 |       |       |       |       ||   279
       Arbalest          |       |       |       |       |   198 |   569 |   711 |   685 |   368 ||  2531
       Triple crossbow   |       |       |       |       |       |       |       |    33 |   113 ||   146
Throw: Throwing net      |       |       |     5 |       |       |       |       |       |     3 ||     8
Invok: Lesser Servant of |       |       |       |       |    39 |     2 |       |       |       ||    41
       Greater Servant o |       |       |       |       |     1 |     4 |    12 |     2 |     2 ||    21
 Abil: Heal Wounds       |     1 |     2 |     9 |     7 |     5 |    39 |    31 |     6 |     9 ||   109
Evoke: Wand              |       |       |       |     2 |    20 |    32 |     7 |     6 |     4 ||    71
       Phantom mirror    |       |       |       |       |       |       |     1 |       |       ||     1
       Box of beasts     |       |       |       |       |       |       |       |     2 |       ||     2
       Lamp of fire      |       |       |       |       |       |       |       |     1 |     1 ||     2
  Use: Scroll            |       |       |    18 |     9 |    16 |     2 |     8 |    16 |     3 ||    72
       Potion            |       |       |       |     1 |     1 |     8 |     2 |     3 |     5 ||    20
 Stab: Paralysed         |       |       |       |       |     7 |     3 |       |       |       ||    10
       Distracted        |       |       |       |       |     7 |     2 |     2 |     1 |       ||    12
       Held in net/web   |       |       |       |       |       |       |       |       |     4 ||     4
  Eat: Chunk             |     1 |     3 |     9 |    23 |    30 |    11 |    11 |    14 |     4 ||   106
       Ration            |       |       |     2 |       |     1 |     5 |     4 |     5 |     4 ||    21
Armor: Ring mail         |    19 |    37 |    19 |       |       |       |       |       |       ||    75
       Leather armour    |     1 |       |       |       |       |       |       |       |       ||     1
       Plate armour      |       |       |   188 |       |       |       |       |       |       ||   188
       Chain mail        |       |       |   128 |   630 |  1256 |  1031 |   887 |   747 |   398 ||  5077
Dodge: Dodged            |    45 |    48 |   151 |   332 |   946 |  1016 |  1110 |  1440 |  1016 ||  6104
       Deflected         |       |       |       |       |       |       |       |     1 |     2 ||     3
